AoeStats
← showery-pillow7

Arabia

503487800Analyzed
1v1 RM · 1mo ago on Aug 31, 2026· 46m 23s· 2 players
Game mode
Random Map
Map size
Tiny (2 player)
Population
200
Speed
Normal
Resources
Standard
Victory
Conquest
Starting age
Dark Age
Ending age
Imperial Age
RankedLock teamsTeams togetherTeam positionsShared explorationLock speedFull tech treeHidden civsTurbo modeCheats
Victory
Defeat
🇨🇦 Maya · Canada
967
+16
🇨🇿 Tatars · Czechia
971
-16
showery-pillow7
8:18 Loom
10:39 Feudal Age
11:28 Double-Bit Axe
19:01 Fletching
25:06 Castle Age
23:42 Gold Mining
23:35 Horse Collar
25:13 Crossbowman
26:05 Thumb Ring
26:15 Bodkin Arrow
28:09 Eagle Warrior
30:57 Squires
31:30 Scale Mail Armor
33:33 Wheelbarrow
34:57 Bow Saw
35:23 Pikeman
36:32 Stone Mining
37:52 Padded Archer Armor
42:38 Forging
WasiliusMagnus
6:01 Loom
9:10 Feudal Age
9:27 Man-at-Arms
12:08 Double-Bit Axe
12:24 Arson
19:46 Fletching
22:25 Scale Mail Armor
22:42 Forging
26:08 Castle Age
25:05 Padded Archer Armor
27:20 Leather Archer Armor
27:39 Long Swordsman
30:11 Bodkin Arrow
33:05 Scale Barding Armor
33:41 Bloodlines
40:09 Wheelbarrow
41:34 Iron Casting
Connection lost

Rejoining the realm…

Still unreachable

The connection could not be restored.

Session expired

The server has moved on; the page needs a fresh start.